 Dungeon Crawl Stone Soup version 0.28.0-47-ge53b351184 (webtiles) character file.

Game seed: 5280713812105554730

228 Hubjo the Digger (level 6, -17/34 HPs)
             Began as a Gargoyle Earth Elementalist on Apr 29, 2022.
             Killed by an exploding goblin (25 damage)
             ... ignited by their inner flame
             ... on level 2 of the Dungeon.
             The game lasted 00:03:04 (1825 turns).

Hubjo the Digger (Gargoyle Earth Elementalist)      Turns: 1825, Time: 00:03:05

Health: -17/34     AC:  6    Str: 12    XL:     6   Next: 2%
Magic:  8/10       EV: 12    Int: 15    God:
Gold:   50         SH:  0    Dex: 12    Spells: 10/11 levels left

rFire   . . .      SeeInvis .   d - +0 short sword
rCold   . . .      Faith    .   (no shield)
rNeg    + . .      Spirit   .   b - +0 robe
rPois   ∞          Reflect  .   (no helmet)
rElec   +          Harm     .   (no cloak)
rCorr   .          Rampage  .   (no gloves)
Will    .....                   (no boots)
Stlth   ++........              (no amulet)
HPRegen 0.11/turn               (no ring)
MPRegen 0.12/turn               (no ring)

@: mighty, hasted, very quick
A: sickness immunity, AC +4, negative energy resistance 1, electricity
resistance, torment resistance 1, petrification resistance, talons 1
a: no special abilities


You were on level 2 of the Dungeon.
You visited 1 branch of the dungeon, and saw 2 of its levels.

You collected 50 gold pieces.

Inventory:

Hand Weapons
 d - a +0 short sword (weapon)
Missiles
 c - 5 stones
Armour
 b - a +0 robe (worn)


   Skills:
 * Level 1.2 Fighting
 - Level 0.8 Short Blades
 - Level 2.3 Dodging
 + Level 3.0 Stealth
 + Level 3.2 Spellcasting
 + Level 0.7 Transmutations
 + Level 5.5 Earth Magic


You had 10 spell levels left.
You knew the following spells:

 Your Spells              Type           Power      Damage    Failure   Level
a - Sandblast             Erth           38%        2d10      1%          1

Your spell library contained the following spells:

 Spells                   Type           Power      Damage    Failure   Level
 Passwall                 Tmut/Erth      9%         N/A       9%          2
 Stone Arrow              Conj/Erth      20%        3d8       19%         3
 Slow                     Hex            8%         N/A       21%         1
 Petrify                  Tmut/Erth      11%        N/A       47%         4
 Confusing Touch          Hex            2%         N/A       52%         3
 Vampiric Draining        Necr           2%         2d6       52%         3


Dungeon Overview and Level Annotations

Branches:
Dungeon (2/15)

Altars:

Annotations:
D:2 Robin


Innate Abilities, Weirdness & Mutations

You are immune to sickness and miasma.
Your stone body is resilient. (AC +4)
You are immune to poison.
You resist negative energy. (rN+)
You are resistant to electric shocks. (rElec)
You are resistant to unholy torment.
You are immune to petrification.
You have sharp toenails.


Message History

You closely miss the hobgoblin.
The hobgoblin is heavily wounded.
The hobgoblin hits you.
You barely miss the hobgoblin.
The hobgoblin is heavily wounded.
Robin throws the goblin at you!
The hobgoblin hits you but does no damage.
You puncture the goblin!
You kill the goblin!
You closely miss the hobgoblin. Your kick misses the hobgoblin.
The hobgoblin is heavily wounded.
Robin throws the goblin at you!
The hobgoblin hits you but does no damage.
The goblin closely misses you.
You puncture the goblin!
You kill the goblin!
The hobgoblin hits you.
* * * LOW HITPOINT WARNING * * *
You hit the hobgoblin. Your kick misses the hobgoblin.
The hobgoblin is severely wounded.
You barely miss the hobgoblin. You claw the hobgoblin.
You kill the hobgoblin!
As you read the scroll labelled ZOTIDODUIRCH, it crumbles to dust.
The creatures around you are filled with an inner flame!
It was a scroll of immolation.
Robin throws the goblin at you!
* * * LOW HITPOINT WARNING * * *
As you read the scroll labelled WAINUQU VEEP, it crumbles to dust.
You feel aware of your surroundings.
It was a scroll of magic mapping.
The hobgoblin no longer looks unusually strong.
The hobgoblin barely misses you. The goblin closely misses you.
As you read the scroll labelled VITUEM UGHI, it crumbles to dust.
You speak a Word of immense power!
It was a scroll of holy word.
Robin roars a battlecry!
The goblins go into a battle-frenzy!
The hobgoblin hits you but does no damage.
You puncture the goblin!
The goblin explodes!
The fiery explosion engulfs you!!
Ouch! That really hurt!
You die...

*,*,,,*,*,*,..# #.#
*,,,,**,***,,,* #.#
***,*,,,,,*,,,* #.#
**,***,**,,*** #.#
*,,*,*,*,,,* #.#
*,**,.##**,* #.#
*,,,,....#,* #.#
*****.##..g#####.#####
*...grSg@§§......#
*###########.##### ###


You could see Robin (inner flame), an adder (inner flame), a quokka (inner
flame), a hobgoblin (inner flame, strong) and a goblin (inner flame, strong).

Vanquished Creatures
  Sigmund (D:2)
  A gnoll (D:1)
  An adder (D:2)
  5 dart slugs
  4 ball pythons
  3 bats (D:1)
  9 endoplasms
  8 goblins
  5 hobgoblins
  3 kobolds
  3 quokkas
  2 frilled lizards
  5 rats
50 creatures vanquished.

Notes
Turn   | Place    | Note
-------+----------+-------------------------------------------
     0 | D:1      | Hubjo the Gargoyle Earth Elementalist began the quest for
                  | the Orb.
     0 | D:1      | Reached XP level 1. HP: 10/10 MP: 3/3
    87 | D:1      | Reached XP level 2. HP: 12/16 MP: 1/5
   285 | D:1      | Reached skill level 4 in Earth Magic
   286 | D:1      | Reached XP level 3. HP: 10/20 MP: 3/6
  1494 | D:2      | Reached XP level 4. HP: 22/24 MP: 3/7
  1562 | D:2      | Noticed Sigmund
  1571 | D:2      | Killed Sigmund
  1572 | D:2      | Reached skill level 1 in Fighting
  1572 | D:2      | Reached skill level 5 in Earth Magic
  1572 | D:2      | Reached XP level 5. HP: 26/29 MP: 4/9
  1800 | D:2      | Noticed Robin
  1812 | D:2      | Gained mutation: You have sharp toenails. [potion of
                  | mutation]
  1814 | D:2      | Reached XP level 6. HP: 14/34 MP: 8/10
  1825 | D:2      | Killed by an exploding goblin... ignited by their inner
                  | flame

Illustrated notes

Levels and vault maps discovered:
D:1:      minmay_arrival_wavy_path, layout_basic
D:2:      layout_basic, kennysheep_big_empty_room, minmay_octomino_j4,
          uniq_sigmund, uniq_robin

Skill      XL: |  1  2  3  4 |
---------------+-------------+-----
Earth Magic    | 4 5 |  5.5
Dodging        | 2 |  2.3
Fighting       | 1 |  1.2
Stealth        | 3 |  3.0
Spellcasting   | 3 |  3.2
Short Blades   | |  0.8
Transmutations | |  0.7

Action                   |  1- 3 |  4- 6 || total
-------------------------+-------+-------++-------
Melee: Unarmed           |     6 |       ||     6
       Short sword       |    46 |    22 ||    68
       Punch             |       |     1 ||     1
       Kick              |       |     1 ||     1
 Cast: Sandblast         |    27 |    10 ||    37
  Use: Potion            |       |     3 ||     3
       Scroll            |       |     3 ||     3
 Stab: Sleeping          |     2 |     1 ||     3
Armor: Robe              |    34 |    10 ||    44
Dodge: Dodged            |    56 |    12 ||    68
